AoeStats
← VIT Liereyy

Arabian Desert

508647938Analyzed
1v1 RM · 9d ago on Sep 23, 2026· 28m 59s· 2 players
Game mode
Random Map
Map size
Tiny (2 player)
Population
200
Speed
Normal
Resources
Standard
Victory
Conquest
Starting age
Dark Age
Ending age
Imperial Age
RankedLock teamsTeams togetherTeam positionsShared explorationLock speedFull tech treeHidden civsTurbo modeCheats
Victory
Defeat
🇦🇹 Mongols · Austria
2943
+13
🇳🇴 Magyars · Norway
2880
-13
TAG_MbL_
5:32 Loom
8:27 Feudal Age
9:00 Double-Bit Axe
19:25 Scale Barding Armor
19:38 Bloodlines
25:52 Castle Age
23:55 Horse Collar
25:52 Light Cavalry
VIT Liereyy
6:35 Loom
8:25 Feudal Age
6:46 Loom
8:34 Man-at-Arms
8:59 Double-Bit Axe
15:34 Fletching
15:52 Scale Mail Armor
21:45 Castle Age
21:49 Padded Archer Armor
22:22 Bodkin Arrow
23:03 Husbandry
24:32 Bow Saw
25:29 Bloodlines
26:54 Wheelbarrow
27:56 Leather Archer Armor
Connection lost

Rejoining the realm…

Still unreachable

The connection could not be restored.

Session expired

The server has moved on; the page needs a fresh start.